 Dungeon Crawl Stone Soup version 0.22-a0-322-g60b3cfd402 (webtiles) character file.

84688 hell0 the Destroyer (level 14, -2/121 HPs)
             Began as a Demigod Ice Elementalist on Apr 2, 2018.
             Killed from afar by Frances (49 damage)
             ... with an iron shot
             ... on level 13 of the Dungeon on Apr 3, 2018.
             The game lasted 04:50:14 (43266 turns).

hell0 the Destroyer (Demigod Ice Elementalist)     Turns: 43266, Time: 04:50:15

Health: -2/121     AC: 19    Str: 13    XL:     14   Next: 97%
Magic:  25/30      EV: 16    Int: 25    God:
Gold:   1837       SH:  6    Dex: 16    Spells: 7/29 levels left

rFire    x . .     SeeInvis .   a - +1 spear (venom)
rCold    + + .     Gourm    .   W - +1 buckler {rC+}
rNeg     . . .     Faith    .   A - +4 leather armour "Adonteh" {rElec}
rPois    .         Spirit   .   s - +0 helmet
rElec    +         Reflect  .   E - scarf {repulsion}
rCorr    .         Harm     .   P - +0 pair of gloves
MR       +....                  (no boots)
Stlth    +++.......             (no amulet)
HPRegen  0.30/turn              i - ring of ice
MPRegen  0.22/turn              G - ring of stealth

@: icy armour (expiring), repel missiles
A: high mp 1
a: no special abilities


You were on level 13 of the Dungeon.
You were not hungry.

You visited 3 branches of the dungeon, and saw 21 of its levels.
You also visited: Volcano.

You collected 2203 gold pieces.
You spent 366 gold pieces at shops.

Inventory:

Hand Weapons
 a - a +1 spear of venom (weapon)
 n - a +0 dagger
 x - a +0 blowgun
Missiles
 k - 550 stones (quivered)
 y - 93 poisoned needles
 L - 7 needles of frenzy
 R - a throwing net {!f}
Armour
 s - a +0 helmet (worn)
 A - the +4 leather armour "Adonteh" (worn) {rElec}
   (You found it on level 4 of the Dungeon)

   It insulates you from electricity.
 D - a +2 leather armour of magic resistance
 E - a scarf of repulsion (worn)
 N - a +2 leather armour of poison resistance
 P - a +0 pair of gloves (worn)
 W - a +1 buckler of cold resistance (worn)
 Z - a +2 leather armour of fire resistance
Jewellery
 f - an uncursed ring of protection from fire
 i - a ring of ice (left hand)
 G - a ring of stealth (right hand)
 I - a +3 ring of intelligence
 U - an uncursed ring of fire
Wands
 b - a wand of scattershot (1)
 m - a wand of polymorph (13)
 v - a wand of disintegration (4)
 M - a wand of flame (21)
 S - a wand of iceblast (10)
 V - a wand of enslavement (17)
Scrolls
 d - 11 scrolls of remove curse {@r2}
 g - 9 scrolls of teleportation
 h - 4 scrolls of fear
 l - 4 scrolls of blinking
 p - a scroll of enchant weapon
 t - 6 scrolls of magic mapping
 u - 3 scrolls of fog
 O - a scroll of identify {@r1}
 T - a scroll of amnesia
Potions
 e - 2 potions of haste
 j - 3 potions of curing {@q1}
 o - 6 potions of heal wounds
 q - 4 potions of lignification {!q}
 z - 5 potions of might
 B - a potion of magic
 C - a potion of brilliance {unknown}
 F - 2 potions of resistance
 H - 4 potions of agility
 J - 2 potions of flight
 X - 2 potions of berserk rage {!q}
Miscellaneous
 r - a fan of gales
 w - a phial of floods
 K - a crystal ball of energy
 Y - a phantom mirror
Comestibles
 c - 36 rations {@e8}


   Skills:
 - Level 10.0 Fighting
 - Level 3.2 Polearms
 - Level 4.0 Armour
 - Level 7.0 Dodging
 - Level 4.0 Stealth
 - Level 4.0 Shields
 + Level 8.1 Spellcasting
 * Level 13.4 Conjurations
 - Level 2.0 Charms
 - Level 3.1 Summonings
 - Level 6.0 Fire Magic
 - Level 11.0 Ice Magic
 - Level 6.0 Evocations


You had 7 spell levels left.
You knew the following spells:

 Your Spells              Type           Power        Failure   Level  Hunger
a - Freeze                Ice            ####         1%          1    None
b - Throw Frost           Conj/Ice       ######       1%          2    None
c - Ozocubu's Armour      Chrm/Ice       ######..     1%          3    None
d - Summon Ice Beast      Ice/Summ       ######..     4%          4    ##.....
e - Throw Icicle          Conj/Ice       #######.     1%          4    ##.....
f - Fireball              Conj/Fire      ######....   3%          5    ####...
g - Conjure Flame         Conj/Fire      ######..     1%          3    None


Dungeon Overview and Level Annotations

Branches:
Dungeon (13/15)            Temple (0/1) D:7            Lair (6/6) D:10
 Spider (0/4) Lair:2        Slime (0/5) Lair:6          Orc (2/2) D:11
    Elf (0/3) Orc:2        Vaults (0/5) D:13
  Swamp: Lair:2-4    Shoals: Lair:2-4

Shops:
D:9 !   D:13 [   Orc:2 (:[*

Annotations:
D:1 exclusion: downstairs
D:4 Grinder
D:13 Frances
Lair:2 shoals, exclusion: door


Innate Abilities, Weirdness & Mutations

You have an increased reservoir of magic. (+10% MP)


Message History

The chaos spawn is in the way.
You hit the chaos spawn but do no damage.
The chaos spawn is almost dead.
The chaos spawn is engulfed in blazing flames.
You kill the chaos spawn!
The chaos spawn degenerates into a cloud of primal chaos!
You block the sun demon's attack.
Frances is engulfed in blazing flames.
Frances hits you from afar with a halberd!
You take 10 damage.
Attack whom?
Press: ? - help, Dir - move target cursor, f/p - Frances
Aim: Frances, wielding a halberd and wearing a ring mail (flame, almost dead, fast, poisoned)
You reach to attack!
You hit Frances but do no damage.
Frances looks even sicker.
Frances is almost dead.
The sun demon hits you but does no damage.
Frances is engulfed in blazing flames.
Frances screams a word of power!
The iron shot hits you!
You die...

.# #...[##..)#
##########
#########...##....
##.......##
#55...............
..........#
#5##......##......
..........#
#3##8....8##8..(.8
..........#
#§####..######88##
.........#######@#
#..# #..#
##.......##...##§#
....8 8...
##.......##....3@#
.....##....
#######..........#
..##......
.#.#.##..........# ..
.....
#.#.#.#...)......##..
..##.
.#.#.##.###...##)#
#.#.#.##########.#
.#.#.##..'(......#
#.#.#.#.(#.......#
.#.#.##..#.......#


You could see Frances, a sun demon, a neqoxec, an iron imp and 2 white imps.

Vanquished Creatures
  Kirke (Lair:6)
  2 orc warlords (Orc:2)
  Josephine (Lair:5)
  A vault guard (D:13)
  A fire dragon (Lair:6)
  Erolcha (D:13)
  3 centaur warriors
  7 hydras
  6 two-headed ogres
  3 death yaks (Lair:5)
  4 orc high priests (Orc:2)
  A fire crab (Lair:6)
  A fire crab (shapeshifter) (D:13)
  2 unseen horrors
  Pikel (D:7)
  4 orc knights (Orc:2)
  4 cyclopes
  6 orc sorcerers
  2 deep elf magi
  2 manticores (D:13)
  A centaur zombie (D:13)
  3 black mambas
  16 elephants
  4 centaur skeletons
  2 molten gargoyles (Lair:6)
  13 spiny frogs
  6 komodo dragons
  2 rime drakes
  A yaktaur (Volcano)
  4 trolls
  2 jumping spiders (Lair:2)
  A queen bee (D:12)
  2 meliai (D:12)
  A polar bear (Lair:5)
  8 hippogriffs
  A raiju (shapeshifter) (D:13)
  4 blink frogs
  7 dream sheep (Lair:6)
  Sigmund (D:4)
  9 wyverns
  A spriggan (D:7)
  4 redbacks
  38 yaks
  6 hogs
  6 basilisks
  7 wraiths
  A hungry ghost (D:13)
  2 steam dragons (Lair:6)
  Menkaure (D:5)
  A warg (Orc:2)
  Edmund (D:6)
  6 swamp worms (Lair:1)
  6 hell hounds
  2 soldier ants
  An acid dragon (D:12)
  29 orc warriors
  3 ice beasts
  3 sky beasts
  5 porcupines
  2 slaves (D:7)
  10 water moccasins
  3 black bears
  A hornet zombie (D:13)
  5 phantoms
  14 wolves
  19 ogres
  11 centaurs
  10 crocodiles
  Blork the orc (D:4)
  3 big kobolds
  13 bullfrogs
  5 scorpions
  31 killer bees
  7 wights
  2 howler monkeys
  2 electric eels
  8 crimson imps
  3 bullfrog zombies
  8 hounds
  5 lava snakes (Lair:6)
  2 quasits
  4 jellies
  17 orc priests
  27 orc wizards
  4 bullfrog skeletons
  5 iguanas
  9 worker ants
  A killer bee zombie (D:10)
  Robin (D:2)
  11 gnolls
  11 adders
  5 shadow imps
  An ooze (D:3)
  2 adder skeletons
  3 worms
  A dart slug (D:1)
  8 leopard geckos
  95 orcs
  A ball python (D:1)
  9 giant cockroaches
  17 goblins
  9 hobgoblins
  10 jackals
  11 kobolds
  8 quokkas
  15 bats
  9 frilled lizards
  A jackal skeleton (D:5)
  A leopard gecko zombie (D:9)
  A quokka skeleton (D:7)
  11 rats
  A plant (Lair:6)
738 creatures vanquished.

Vanquished Creatures (collateral kills)
  A red draconian (Volcano)
  A hydra (Lair:2)
  A catoblepas (Lair:6)
  An oklob plant (Lair:5)
  A merfolk siren (Lair:2)
  2 black mambas
  An elephant (Lair:5)
  A spiny frog (D:10)
  A komodo dragon (Lair:6)
  A jumping spider (Lair:2)
  A blink frog (Lair:1)
  2 spriggans (Lair:2)
  2 hungry ghosts
  A porcupine (Lair:2)
  An orc warrior (D:8)
  7 wolves
  A centaur (Volcano)
  2 killer bees
  An orc (D:9)
  A plant (Lair:5)
30 creatures vanquished.

Vanquished Creatures (others)
  A human (Lair:6)
  An orc wizard (Orc:2)
  30 fungi
  29 plants
61 creatures vanquished.

Grand Total: 829 creatures vanquished

Notes
Turn   | Place    | Note
-------+----------+-------------------------------------------
     0 | D:1      | hell0 the Demigod Ice Elementalist began the quest for the Orb.
     0 | D:1      | Reached XP level 1. HP: 14/14 MP: 5/5
   562 | D:1      | Reached XP level 2. HP: 20/20 MP: 2/7
   576 | D:1      | Learned a level 2 spell: Throw Frost
  1347 | D:2      | Reached XP level 3. HP: 26/26 MP: 5/8
  1420 | D:2      | Noticed Robin
  1572 | D:2      | Killed Robin
  1829 | D:1      | Reached XP level 4. HP: 33/33 MP: 6/9
  2092 | D:2      | Reached skill level 5 in Ice Magic
  2502 | D:2      | Reached XP level 5. HP: 38/38 MP: 3/10
  3115 | D:3      | Found a blossoming altar of Fedhas.
  3116 | D:3      | Found an ancient bone altar of Kikubaaqudgha.
  3370 | D:3      | Found a deep blue altar of Sif Muna.
  3639 | D:3      | Learned a level 3 spell: Ozocubu's Armour
  3745 | D:4      | Got a fine leather armour
  3787 | D:4      | Identified the +4 leather armour "Adonteh" {rElec} (You found it on level 4 of the Dungeon)
  4033 | D:4      | Noticed an ogre
  4034 | D:4      | Noticed Sigmund
  4037 | D:4      | Killed Sigmund
  4037 | D:4      | Reached skill level 1 in Fighting
  4037 | D:4      | Reached XP level 6. HP: 47/47 MP: 7/12
  4593 | D:4      | Reached XP level 7. HP: 49/56 MP: 7/14
  4865 | D:4      | Noticed Blork the orc
  4917 | D:4      | Killed Blork the orc
  5060 | D:4      | Found a radiant altar of Vehumet.
  5105 | D:4      | Noticed Grinder
  5140 | D:5      | Entered Level 5 of the Dungeon
  5509 | D:5      | Noticed Menkaure
  5511 | D:5      | Killed Menkaure
  5683 | D:5      | Reached skill level 1 in Armour
  6014 | D:5      | Found a deep blue altar of Sif Muna.
  6404 | D:5      | Reached XP level 8. HP: 63/63 MP: 13/15
  6677 | D:6      | Reached skill level 1 in Polearms
  7277 | D:6      | Noticed Edmund
  7296 | D:6      | Killed Edmund
  7722 | D:7      | Reached skill level 5 in Fighting
  8033 | D:7      | Got a faintly glowing ring mail
  8043 | D:7      | Reached XP level 9. HP: 75/75 MP: 7/16
  8110 | D:6      | Identified the cursed +0 ring mail "Dofuerou" {Slay+2} (You found it on level 7 of the Dungeon)
  8291 | D:7      | Found a staircase to the Ecumenical Temple.
  8651 | D:7      | Learned a level 4 spell: Summon Ice Beast
  8722 | D:7      | Reached skill level 1 in Summonings
  9116 | D:7      | Found a white marble altar of Elyvilon.
  9177 | D:7      | Noticed Pikel
  9196 | D:7      | Killed Pikel
  9971 | D:8      | Reached skill level 1 in Conjurations
 10519 | D:8      | Found a sacrificial altar of Ru.
 10521 | D:8      | Found a sparkling altar of Nemelex Xobeh.
 10573 | D:9      | Reached XP level 10. HP: 77/88 MP: 7/17
 10615 | D:9      | Reached skill level 2 in Conjurations
 11015 | D:9      | Found Mobi's Distillery.
 11032 | D:9      | Bought a potion of might for 52 gold pieces
 11032 | D:9      | Bought a potion of lignification for 39 gold pieces
 11894 | D:9      | Reached skill level 3 in Conjurations
 12475 | D:10     | Entered Level 10 of the Dungeon
 12811 | D:10     | Noticed a two-headed ogre
 12921 | D:9      | Learned a level 4 spell: Throw Icicle
 12973 | D:10     | Found a staircase to the Lair.
 13010 | D:10     | Reached skill level 1 in Shields
 13014 | D:10     | Reached skill level 4 in Conjurations
 13993 | D:10     | Found an iron altar of Okawaru.
 14374 | D:11     | Noticed a two-headed ogre
 14432 | D:11     | Killed a two-headed ogre
 14623 | D:11     | Found a staircase to the Orcish Mines.
 14763 | D:11     | Reached skill level 5 in Dodging
 14934 | D:11     | Killed an unseen horror
 14934 | D:11     | Reached skill level 5 in Conjurations
 14934 | D:11     | Reached XP level 11. HP: 32/95 MP: 12/20
 15612 | Lair:1   | Entered Level 1 of the Lair of Beasts
 16214 | D:10     | Killed a two-headed ogre
 16712 | Lair:1   | Reached skill level 6 in Conjurations
 16978 | Lair:1   | Reached skill level 1 in Charms
 18678 | Lair:2   | Reached skill level 5 in Spellcasting
 18807 | Lair:2   | Reached skill level 7 in Conjurations
 19844 | Lair:2   | Found a hole to the Spider Nest.
 20069 | Lair:2   | Noticed an eight-headed hydra
 20132 | Lair:2   | Killed an eight-headed hydra
 20141 | Lair:2   | Reached skill level 8 in Conjurations
 20141 | Lair:2   | Reached XP level 12. HP: 21/103 MP: 0/23
 20449 | Lair:2   | Learned a level 3 spell: Conjure Flame
 21394 | Lair:3   | Found a dark tunnel.
 21487 | Volcano  | Entered a volcano
 21547 | Volcano  | Noticed a red draconian
 21568 | Volcano  | Killed a red draconian
 21570 | Volcano  | Reached skill level 9 in Conjurations
 21771 | Volcano  | Noticed a centaur warrior
 21794 | Volcano  | Killed a centaur warrior
 22164 | Lair:3   | Noticed an eight-headed hydra
 22171 | Lair:3   | Killed an eight-headed hydra
 22171 | Lair:3   | Reached skill level 1 in Fire Magic
 22307 | Lair:3   | Got an ichor-stained ring mail
 22423 | Lair:3   | Identified the +5 ring mail of Gallantry {rC+} (You found it on level 3 of the Lair of Beasts)
 22752 | Lair:2   | Reached skill level 10 in Conjurations
 23048 | Lair:3   | Got a scorched plate armour
 23195 | Lair:3   | Identified the +4 plate armour "Xeixut" {rF+ Int+2} (You found it on level 3 of the Lair of Beasts)
 23255 | Lair:4   | Reached skill level 1 in Evocations
 24541 | Lair:5   | Noticed a five-headed hydra
 24547 | Lair:5   | Noticed a six-headed hydra
 24550 | Lair:5   | Noticed an eight-headed hydra
 24564 | Lair:4   | Killed a five-headed hydra
 24854 | Lair:5   | Killed an eight-headed hydra
 25368 | Lair:5   | Reached skill level 5 in Fire Magic
 25687 | Lair:5   | Killed a six-headed hydra
 25878 | Lair:5   | Reached XP level 13. HP: 69/110 MP: 0/24
 26219 | Lair:5   | Reached skill level 5 in Evocations
 27563 | Lair:6   | Entered Level 6 of the Lair of Beasts
 27586 | Lair:6   | Noticed Kirke
 28730 | Lair:6   | Noticed Josephine
 29228 | Lair:5   | Killed Josephine
 30856 | D:12     | Found a sacrificial altar of Ru.
 31913 | D:13     | Noticed Erolcha
 32796 | Lair:6   | Killed Kirke
 32796 | Lair:6   | Reached skill level 10 in Ice Magic
 32969 | Lair:6   | Reached skill level 11 in Conjurations
 33238 | Lair:6   | Found a large runed door.
 33341 | Lair:6   | Found a large runed door.
 33505 | Lair:6   | Reached XP level 14. HP: 119/119 MP: 10/28
 34375 | Lair:6   | Learned a level 5 spell: Fireball
 34587 | Lair:6   | Found a viscous altar of Jiyva.
 34587 | Lair:6   | Found a staircase to the Slime Pits.
 35512 | Orc:1    | Entered Level 1 of the Orcish Mines
 36117 | Orc:2    | Entered Level 2 of the Orcish Mines
 36993 | Orc:2    | Noticed an orc warlord
 37016 | Orc:2    | Killed an orc warlord
 37396 | Orc:2    | Found a burning altar of Makhleb.
 37474 | Orc:2    | Found a staircase to the Elven Halls.
 37652 | Orc:2    | Reached skill level 12 in Conjurations
 38728 | Orc:2    | Noticed an orc warlord
 38960 | Orc:2    | Killed an orc warlord
 39798 | Orc:2    | Found Qaockula's General Store.
 39799 | Orc:2    | Found Kallig's Book Boutique.
 39800 | Orc:2    | Found Vovacs's Antique Armour Boutique.
 39800 | Orc:2    | Found Ruehiere's Antique Weapon Shop.
 39814 | Orc:2    | Bought a potion of degeneration for 11 gold pieces
 39814 | Orc:2    | Bought a scroll of identify for 22 gold pieces
 39816 | Orc:2    | Bought a scroll of identify for 22 gold pieces
 40483 | Orc:2    | Bought a potion of curing for 33 gold pieces
 40650 | D:13     | Killed Erolcha
 40855 | D:13     | Reached skill level 13 in Conjurations
 41565 | D:13     | Found Vichi's Antique Armour Boutique.
 41573 | D:13     | Bought a shiny buckler for 187 gold pieces
 41697 | D:13     | Noticed Frances
 42185 | D:13     | Found a gate to the Vaults.
 42790 | D:13     | Reached skill level 10 in Fighting
 43266 | D:13     | Killed from afar by Frances

Vault maps used:
D:1:      minmay_arrival_hallway
D:2:      uniq_robin
D:3:      grunt_temple_overflow_growth_and_decay, lemuel_round_altar
D:4:      gammafunk_temple_overflow_wave, kennysheep_mini, first_ration,
          uniq_grinder, uniq_blork_the_orc, uniq_sigmund
D:5:      basic_altar, uniq_menkaure
D:6:      uniq_edmund
D:7:      lemuel_coloured_pillars_altar, minmay_temple_entry_grid, the_bakery,
          uniq_pikel
D:8:      nicolae_overflow_hidden_temple, serial_curves, eino_curves_03,
          eino_curves_04, minmay_misc_feat_nine_boxes, corexii_leaking_fountain
D:9:      serial_shops, shop
D:10:     minmay_lair_entry_lava, basic_altar
D:11:     hiddenorc1_lemuel
D:12:     basic_altar, special_room
D:13:     minmay_blocking_statues, david_vaults_5, serial_shops, shop,
          uniq_frances, uniq_erolcha
Lair:1:   worms_lemuel, grunt_megastairs_3
Lair:2:   elwin_shoals_entry_rooms, nicolae_spider_entry_tight_spaces,
          ldierk_geyser, forest_entry_grove, infiniplex_staircase_pool,
          serial_bayou_shore_b
Lair:3:   enter_volcano_4, serial_bayou_lake_a, lemuel_fruit_tree,
          lemuel_fruit_fields
Lair:5:   st_stairs_12, dpeg_oklob_1
Lair:6:   cheibrodos_lair_end_hotspot, dpeg_slime_entry_enclosed_altar,
          uniq_kirke, uniq_josephine
Orc:2:    st_orc_congregation, bloody_makhleb
Volcano:  volcano_pools

Skill      XL: |  1  2  3  4  5  6  7  8  9 10 11 12 13 14 |
---------------+-------------------------------------------+-----
Ice Magic      | 3 4 5 6 7 8 10 11 | 11.0
Spellcasting   | 2 3 4 5 6 8 |  8.1
Fighting       | 1 2 3 6 8 9 10 | 10.0
Dodging        | 2 4 5 6 7 |  7.0
Armour         | 1 2 3 4 |  4.0
Polearms       | 3 |  3.2
Summonings     | 3 |  3.1
Conjurations   | 1 5 8 10 11 13 | 13.4
Shields        | 2 4 |  4.0
Charms         | 2 |  2.0
Stealth        | 3 4 |  4.0
Fire Magic     | 6 |  6.0
Evocations     | 4 6 |  6.0

Action                   |  1- 3 |  4- 6 |  7- 9 | 10-12 | 13-15 || total
-------------------------+-------+-------+-------+-------+-------++-------
Melee: Unarmed           |     2 |       |       |       |       ||     2
       Spear             |    22 |   101 |   341 |   541 |   891 ||  1896
 Fire: Blowgun           |       |       |     3 |       |       ||     3
Throw: Stone             |     9 |       |    54 |    13 |    40 ||   116
 Cast: Freeze            |    34 |    31 |   105 |   211 |    53 ||   434
       Throw Frost       |    17 |    32 |    87 |   235 |   300 ||   671
       Ozocubu's Armour  |       |     2 |    22 |    38 |    47 ||   109
       Throw Icicle      |       |       |       |    63 |   247 ||   310
       Summon Ice Beast  |       |       |       |    34 |    18 ||    52
       Conjure Flame     |       |       |       |    19 |    58 ||    77
       Fireball          |       |       |       |       |    36 ||    36
Evoke: Wand              |       |     2 |     7 |     4 |     1 ||    14
       Fan of gales      |       |       |       |       |     1 ||     1
  Use: Scroll            |     3 |     1 |     3 |    11 |     8 ||    26
       Potion            |       |       |     1 |     5 |     3 ||     9
 Stab: Sleeping          |     1 |    14 |     7 |     2 |     1 ||    25
       Distracted        |       |     2 |       |     3 |       ||     5
  Eat: Chunk             |     4 |    11 |    24 |    42 |    56 ||   137
       Ration            |       |       |       |     9 |     9 ||    18
Armor: Robe              |    16 |     6 |       |       |     2 ||    24
       Leather armour    |       |     3 |   120 |   228 |   231 ||   582
       Skin              |       |       |       |    16 |       ||    16
Dodge: Dodged            |    28 |    45 |   239 |   564 |   525 ||  1401
       Deflected         |       |       |     5 |    11 |    28 ||    44
Block: Buckler           |       |       |       |   129 |   207 ||   336

Table legend:
 A = Spawn XP
 B = Non-spawn XP
 C = Spawn XP percentage of total XP
 D = Spawn monster count
 E = Non-spawn monster count
 F = Spawn count percentage of total count
 G = Total turns spent on level
                    A         B        C        D         E        F      G
               +---------+---------+-------+---------+---------+-------+---------
         Total |       0 |  120984 |   0.0 |       0 |     765 |   0.0 | 43266
               +---------+---------+-------+---------+---------+-------+---------
           D:1 |       0 |      77 |   0.0 |       0 |      23 |   0.0 |  1492
           D:2 |       0 |     186 |   0.0 |       0 |      43 |   0.0 |  1374
           D:3 |       0 |     196 |   0.0 |       0 |      27 |   0.0 |  1010
           D:4 |       0 |     654 |   0.0 |       0 |      19 |   0.0 |  1344
           D:5 |       0 |     664 |   0.0 |       0 |      25 |   0.0 |  1407
           D:6 |       0 |     844 |   0.0 |       0 |      14 |   0.0 |  1004
           D:7 |       0 |    2418 |   0.0 |       0 |      33 |   0.0 |  1696
           D:8 |       0 |    1626 |   0.0 |       0 |      30 |   0.0 |  1514
           D:9 |       0 |    1963 |   0.0 |       0 |      28 |   0.0 |  1728
          D:10 |       0 |    4518 |   0.0 |       0 |      31 |   0.0 |  2751
          D:11 |       0 |    3929 |   0.0 |       0 |      39 |   0.0 |  1923
          D:12 |       0 |    6825 |   0.0 |       0 |      49 |   0.0 |  2620
          D:13 |       0 |   13346 |   0.0 |       0 |      43 |   0.0 |  1904
        Lair:1 |       0 |    4320 |   0.0 |       0 |      25 |   0.0 |  2068
        Lair:2 |       0 |    7854 |   0.0 |       0 |      39 |   0.0 |  3157
        Lair:3 |       0 |    3536 |   0.0 |       0 |      16 |   0.0 |  1483
        Lair:4 |       0 |    3013 |   0.0 |       0 |      10 |   0.0 |  1418
        Lair:5 |       0 |   15830 |   0.0 |       0 |      41 |   0.0 |  4005
        Lair:6 |       0 |   26321 |   0.0 |       0 |      89 |   0.0 |  3804
         Orc:1 |       0 |    1543 |   0.0 |       0 |      20 |   0.0 |  1054
         Orc:2 |       0 |   18690 |   0.0 |       0 |     114 |   0.0 |  3984
       Volcano |       0 |    2631 |   0.0 |       0 |       7 |   0.0 |   526
               +---------+---------+-------+---------+---------+-------+---------
